 Dungeon Crawl Stone Soup version 0.32-a0-543-gefe97123c3 (webtiles) character file.

Game seed: 7624474995510497135

585 GordonOverkill the Sneak (level 7, -1/41 HPs)
             Began as a Deep Elf Delver on Feb 29, 2024.
             Was a Believer of Vehumet.
             Slain by a gnoll
             ... wielding a +2 halberd of protection
              (7 damage)
             ... on level 3 of the Dungeon.
             The game lasted 00:09:28 (3745 turns).

GordonOverkill the Sneak (Deep Elf Delver)          Turns: 3745, Time: 00:09:29

Health: -1/41      AC:  5    Str:  9    XL:     7   Next: 15%
Magic:  15/16      EV: 12    Int: 23    God:    Vehumet [**....]
Gold:   187        SH:  0    Dex: 16    Spells: 13/16 levels left

rFire   . . .        e - +4 glaive (flame)
rCold   . . .        (shield currently unavailable)
rNeg    . . .        x - +1 robe {Will+}
rPois   .            b - +0 helmet
rElec   .            (no cloak)
rCorr   .            (no gloves)
SInv    .            r - +0 pair of boots
Will    +....        v - amulet of faith
Stlth   +++          h - +6 ring of intelligence
HPRegen 0.26/turn    (no ring)
MPRegen 0.15/turn

%: faith
@: hasted, very quick
A: no striking features
a: Renounce Religion


You were on level 3 of the Dungeon.
You worshipped Vehumet.
Vehumet was pleased with you.
You visited 1 branch of the dungeon, and saw 6 of its levels.

You collected 187 gold pieces.

Inventory:

Hand Weapons
 a - a +0 spear
 e - a +4 glaive of flaming (weapon)
Armour
 b - a +0 helmet (worn)
 r - a +0 pair of boots (worn)
 x - a +1 robe of willpower (worn)
Jewellery
 h - a +6 ring of intelligence (left hand)
 n - an amulet of the acrobat
 v - an amulet of faith (around neck)
Wands
 g - a wand of digging (2)
 i - a wand of roots (15)
 k - a wand of flame (6)
Scrolls
 c - 4 scrolls of fog
 d - a scroll of revelation
 m - a scroll of enchant armour {unknown}
 o - a scroll of teleportation {unknown}
 s - a scroll of poison {unknown}
Potions
 j - a potion of curing {unknown}
 l - a potion of attraction {unknown}
 p - a potion of heal wounds {unknown}
 q - 2 potions of ambrosia {unknown}
 t - a potion of lignification {unknown}
 u - 2 potions of mutation {unknown}
 w - a potion of magic {unknown}


   Skills:
 - Level 3.0 Fighting
 - Level 4.0 Polearms
 - Level 2.4 Dodging
 - Level 6.0 Stealth
 - Level 5.0 Spellcasting
 + Level 3.1 Conjurations
 - Level 2.0 Translocations


You had 13 spell levels left.
You knew the following spells:

 Your Spells              Type           Power      Damage    Failure   Level
a - Magic Dart            Conj           80%        1d7       2%          1
b - Blink                 Tloc           28%        N/A       6%          2

Your spell library contained the following spells:

 Spells                   Type           Power      Damage    Failure   Level
 Shock                    Conj/Air       48%        1d6       4%          1
 Sting                    Conj/Alch      48%        1d6       4%          1
 Call Imp                 Summ           10%        N/A       14%         2
 Mercury Vapours          Alch/Air       10%        N/A       14%         2
 Olgreb's Toxic Radiance  Alch           5%         N/A       67%         4


Dungeon Overview and Level Annotations

Branches:
Dungeon (6/15)
 Temple: D:4-7

Altars:
Vehumet

Shops:
D:2 (

Annotations:
D:4 1 runed translucent door, Parakeet's ghost, novice OpSh
D:5 Dowan


Message History

Press: ? - help, Shift-Dir - straight line, f/p - gnoll
Aim: a gnoll, wielding a +0 club (almost dead, 100% to hit)
The magic dart hits the gnoll.
The gnoll is almost dead.
You reach to attack!
You slash the gnoll! You burn the gnoll.
You kill the gnoll!
Vehumet accepts your kill.
You feel your power returning.
Training target 5.0 for Spellcasting reached!
Your Spellcasting skill increases to level 5!
You need to enable at least one skill for training.
Press: ? - help, v - describe, . - travel The floor.
Unknown command.
Unknown command.
Unknown command.
You reach to attack!
You closely miss the gnoll.
The gnoll hits you from afar with a +2 halberd of protection! x2
* * * LOW HITPOINT WARNING * * *
You are too injured to fight recklessly!
You are too injured to fight recklessly!
You are too injured to fight recklessly!
Reach: e) +4 glaive (flame)
Press: ? - help, Dir - move target, f/p - gnoll
Aim: a gnoll, wielding a +2 halberd of protection (about 35% to evade your +4 glaive of flaming)
You reach to attack!
You closely miss the gnoll.
A gnoll comes into view. It is wielding a +0 spear.
The gnoll barely misses you. The gnoll attacks as it pursues you!
The gnoll barely misses you. The gnoll attacks as it pursues you!
The gnoll hits you from afar with a +2 halberd of protection!
* * * LOW HITPOINT WARNING * * *
The gnoll attacks as it pursues you! The gnoll misses you.
The gnoll attacks as it pursues you!
The gnoll hits you from afar with a +2 halberd of protection!
* * * LOW HITPOINT WARNING * * *
Okay, then.
You feel yourself speed up.
The gnoll hits you from afar with a +2 halberd of protection!
You die...

#.# ### ### #.# #.. ..# #########
#.# #.# #.# .)......# #.# #.# #.#
.###....# #.# #.# #.#
........###.####.## #.#
..........#.#.....###.## ###
..............g.@.....># #.#
.###....#.#.#.###.###..# ##.##
..............# #.# #..# ##....
.###.####.#.#####.###..# #.....
.# #.# #.#.).)........# #...#.
.###.# #.#.#####.###..#####...#.
.....####.#.# #................
............#####..##............
.................................


You could see a gnoll.

Vanquished Creatures
  Sigmund (D:3)
  A black bear (D:5)
  A phantom (D:4)
  A scorpion (D:5)
  Terence (D:3)
  An orc wizard (D:4)
  Robin (D:3)
  A gnoll (D:3)
  3 adders
  A shadow imp (D:4)
  5 ribbon worms (D:2)
  A dart slug (D:1)
  6 orcs
  5 bats
  7 endoplasms
  15 goblins
  8 hobgoblins
  3 jackals (D:1)
  9 kobolds
  4 quokkas
  4 ball pythons (D:1)
  3 frilled lizards
  4 rats
86 creatures vanquished.

Notes
Turn   | Place    | Note
-------+----------+-------------------------------------------
     0 | D:5      | GordonOverkill the Deep Elf Delver began the quest for the
                  | Orb.
     0 | D:5      | Reached XP level 1. HP: 13/13 MP: 3/3
    86 | D:5      | Noticed a scorpion
   157 | D:5      | Noticed a black bear
   232 | D:4      | Noticed a quasit
   232 | D:4      | Noticed a phantom
   246 | D:4      | Noticed an orc wizard
   255 | D:4      | Found a runed translucent door.
   256 | D:4      | Noticed a bullfrog
   259 | D:4      | Noticed Parakeet's ghost (novice OpSh)
   365 | D:6      | Noticed a wight
   380 | D:5      | Noticed a scorpion
   394 | D:5      | Identified a scroll of acquirement
   394 | D:5      | Acquired a +4 glaive of flaming
   397 | D:5      | Killed a scorpion
   398 | D:5      | Reached XP level 2. HP: 10/19 MP: 4/4
   398 | D:5      | Reached XP level 3. HP: 12/23 MP: 5/5
   466 | D:5      | Noticed Dowan
   488 | D:5      | Reached XP level 4. HP: 28/28 MP: 6/6
   620 | D:5      | Noticed a black bear
   625 | D:5      | Killed a black bear
   626 | D:5      | Reached XP level 5. HP: 22/32 MP: 7/7
   798 | D:4      | Found a radiant altar of Vehumet.
  1013 | D:4      | Reached skill level 1 in Spellcasting
  1031 | D:4      | Killed a phantom
  1032 | D:4      | Reached skill level 1 in Conjurations
  1032 | D:4      | Reached XP level 6. HP: 26/37 MP: 8/12
  1221 | D:4      | Became a worshipper of Vehumet
  1811 | D:1      | Learned a level 1 spell: Magic Dart
  1879 | D:1      | Reached * piety under Vehumet
  1879 | D:1      | Offered knowledge of Kiss of Death by Vehumet.
  2397 | D:1      | Learned a level 2 spell: Blink
  2470 | D:2      | Found Poatetu's Weapon Emporium.
  2771 | D:2      | Identified the +0 ring mail of the Shining Light {Regen+
                  | Slay+3}
  3144 | D:3      | Noticed Terence
  3151 | D:3      | Killed Terence
  3154 | D:3      | Noticed Sigmund
  3158 | D:3      | Killed Sigmund
  3159 | D:3      | Reached XP level 7. HP: 41/41 MP: 6/15
  3307 | D:3      | Noticed Robin
  3320 | D:3      | Killed Robin
  3320 | D:3      | Reached ** piety under Vehumet
  3321 | D:3      | Offered knowledge of Shock by Vehumet.
  3730 | D:3      | Reached skill level 5 in Spellcasting
  3745 | D:3      | Slain by a gnoll

Illustrated notes

Levels and vault maps discovered:
D:1:      dpeg_arrival_more_subterranean_lakeside_camping, layout_basic
D:2:      layout_basic, serial_shops, nicolae_shop_pleasant_corner_grove,
          minmay_heptomino_h4
D:3:      layout_basic, uniq_sigmund, uniq_terence, uniq_robin
D:4:      layout_gridville, vehumet_altar_wand_db, serial_demonic,
          serial_demonic_e, serial_demonic_b, serial_demonic_a,
          serial_demonic_d, ebering_ghost_sewer_d
D:5:      layout_loops_ring, uniq_duvessa
D:6:      layout_basic, nicolae_dithmenos_the_darkroom,
          nicolae_hepliaklqana_hazy_memory, temple_pool_b

Skill      XL: |  1  2  3  4  5  6  7 |
---------------+----------------------+-----
Fighting       | 3 |  3.0
Polearms       | 2 3 4 |  4.0
Spellcasting   | 3 4 5 |  5.0
Conjurations   | 1 3 |  3.1
Translocations | 2 |  2.0
Dodging        | |  2.4
Stealth        | |  6.0

Action                     |  1- 3 |  4- 6 |  7- 9 || total
---------------------------+-------+-------+-------++-------
  Melee: Spear             |    25 |       |       ||    25
         Glaive            |     5 |   100 |    30 ||   135
   Cast: Magic Dart        |       |    42 |    20 ||    62
  Evoke: Wand              |     1 |     5 |       ||     6
    Use: Scroll            |     2 |       |       ||     2
         Potion            |       |       |     2 ||     2
   Stab: Sleeping          |     1 |     6 |       ||     7
 Armour: Leather armour    |    15 |    45 |     4 ||    64
         Robe              |       |       |    19 ||    19
  Dodge: Dodged            |    18 |    49 |    26 ||    93

Table legend: (Time is in decaauts)
 A = Elapsed time spent in this place.
 B = Non-inter-level travel time spent in this place.
 C = Inter-level travel time spent in this place.
 D = Time resting spent in this place.
 E = Time spent auto-exploring this place.
 F = Levels seen in this place.
 G = Mean time per level.
                   A        B        C        D        E       F      G
               +--------+--------+--------+--------+--------+-----+--------+
         Total |   3796 |   3667 |    129 |    999 |   1426 |   6 |  632.7 |
       Dungeon |   3796 |   3667 |    129 |    999 |   1426 |   6 |  632.7 |
               +--------+--------+--------+--------+--------+-----+--------+

Top non-repeatable levels by time:
     D:1: 992 daAuts
     D:2: 969 daAuts
     D:4: 623 daAuts
     D:5: 591 daAuts
     D:3: 579 daAuts
     D:6: 39 daAuts
